 Dungeon Crawl Stone Soup version 0.21-a0-480-g5da0f0d (webtiles) character file.

13881 Hocus the Slicer (level 11, -20/84 HPs)
             Began as a Vampire Enchanter on Nov 19, 2017.
             Was a Priest of Wu Jian.
             Killed by the air
             ... invoked by Gastronok
              (24 damage)
             ... on level 1 of the Lair of Beasts on Nov 22, 2017.
             The game lasted 00:36:39 (12617 turns).

Hocus the Slicer (Vampire Enchanter)               Turns: 12617, Time: 00:36:39

Health: -20/84     AC:  6    Str: 10    XL:     11   Next: 81%
Magic:  15/20      EV: 18    Int: 19    God:    Wu Jian [***...]
Gold:   1009       SH:  0    Dex: 17    Spells: 12/22 levels left

rFire    + . .     SeeInvis +   a - +2 dagger (venom)
rCold    . . .     Gourm    .   (no shield)
rNeg     + + .     Faith    .   P - +0 robe {rN+}
rPois    .         Spirit   .   (no helmet)
rElec    .         Reflect  .   N - +1 cloak
rCorr    .         Harm     .   K - +0 pair of gloves
MR       +....                  l - +0 pair of boots
Stlth    ++++......             v - amulet of rage
HPRegen  0.24/turn              J - +3 ring of strength
MPRegen  0.17/turn              t - ring of protection from fire

@: no status effects
A: fangs 3, see invisible, unbreathing
a: Bat Form, Serpent's Lash, Renounce Religion, Evoke Berserk Rage


You were on level 1 of the Lair of Beasts.
You worshipped Wu Jian.
Wu Jian was most pleased with you.
You were not thirsty.

You visited 3 branches of the dungeon, and saw 13 of its levels.

You collected 1009 gold pieces.

Inventory:

Hand Weapons
 a - a +2 dagger of venom (weapon)
 b - a +2 rapier of electrocution
Armour
 l - a +0 pair of boots (worn)
 y - a +0 robe
 D - the cursed +0 buckler "Myonouda" {rF+ rN+ Int+3 Dex+2, unknown}
   (You found it on level 6 of the Dungeon)

   It affects your intelligence (+3).
   It affects your dexterity (+2).
   It protects you from fire.
   It protects you from negative energy.
   It has a curse placed upon it.
 K - a +0 pair of gloves (worn)
 N - a +1 cloak (worn)
 P - a +0 robe of positive energy (worn)
Jewellery
 t - a ring of protection from fire (right hand)
 v - an amulet of rage (around neck)
 E - an uncursed ring of flight
 J - a +3 ring of strength (left hand)
 L - an uncursed ring of positive energy
Wands
 f - a wand of paralysis (8)
 p - a wand of iceblast (17)
 M - a wand of scattershot (6)
Scrolls
 g - 2 scrolls of blinking
 h - 11 scrolls of identify
 m - 3 scrolls of amnesia
 n - 2 scrolls of fog {unknown}
 o - 3 scrolls of teleportation {unknown}
 q - 6 scrolls of remove curse
 r - 3 scrolls of random uselessness {unknown}
 u - 4 scrolls of immolation {unknown}
 w - 2 scrolls of enchant weapon {unknown}
 F - a scroll of fear {unknown}
 I - a scroll of noise {unknown}
Potions
 i - a potion of degeneration {unknown}
 j - a potion of ambrosia {unknown}
 s - 3 potions of lignification
 x - a potion of cancellation
 z - 3 potions of curing
 A - a potion of mutation {unknown}
 B - 3 potions of haste
 C - 3 potions of agility
 G - a potion of invisibility {unknown}
 H - 2 potions of might {unknown}
 O - a potion of flight {unknown}
Books
 c - a book of Maledictions

   Spells                             Type                      Level
   a - Corona                         Hexes                        1
   b - Ensorcelled Hibernation        Hexes/Ice                    2
   c - Confuse                        Hexes                        3
   d - Tukima's Dance                 Hexes                        3
   e - Dazzling Spray                 Conjuration/Hexes            3
 d - a book of Changes

   Spells                             Type                      Level
   a - Beastly Appendage              Transmutation                1
   b - Sticks to Snakes               Transmutation                2
   c - Spider Form                    Transmutation/Poison         3
   d - Ice Form                       Ice/Transmutation            4
   e - Blade Hands                    Transmutation                5
 e - a book of Geomancy

   Spells                             Type                      Level
   a - Sandblast                      Earth                        1
   b - Passwall                       Transmutation/Earth          2
   c - Stone Arrow                    Conjuration/Earth            3
   d - Petrify                        Transmutation/Earth          4
   e - Lee's Rapid Deconstruction     Earth                        5
 Q - a book of Misfortune

   Spells                             Type                      Level
   a - Confusing Touch                Hexes                        1
   b - Confuse                        Hexes                        3
   c - Gell's Gravitas                Translocation                3
   d - Petrify                        Transmutation/Earth          4
   e - Metabolic Englaciation         Hexes/Ice                    5
   f - Yara's Violent Unravelling     Hexes/Transmutation          5


   Skills:
 + Level 7.4 Fighting
 + Level 11.0 Short Blades
 - Level 8.0 Dodging
 - Level 8.0 Stealth
 + Level 3.5 Shields
 - Level 8.0 Unarmed Combat
 + Level 6.4 Spellcasting
 - Level 8.0 Hexes


You had 12 spell levels left.
You knew the following spells:

 Your Spells              Type           Power        Failure   Level  Hunger
a - Corona                Hex            #####..      1%          1    None
b - Ensorcelled Hibernat  Hex/Ice        ###...       3%          2    None
c - Confuse               Hex            #####...     1%          3    ##.....
d - Tukima's Dance        Hex            #####...     1%          3    ##.....
e - Beastly Appendage     Tmut           #.....       11%         1    None


Dungeon Overview and Level Annotations

Branches:
Dungeon (10/15)            Temple (1/1) D:5            Lair (2/6) D:8
    Orc (0/2) D:10
  Swamp: Lair:2-4    Shoals: Lair:2-4     Snake: Lair:2-4    Spider: Lair:2-4

Altars:
Ashenzari
Dithmenos
Hepliaklqana
Kikubaaqudgha
Qazlal
Sif Muna
Uskayaw
Wu Jian
Xom
Yredelemnul
Zin
The Shining One

Shops:
D:7 (

Annotations:
Lair:1 Gastronok


Innate Abilities, Weirdness & Mutations

You have razor-sharp teeth.
You have supernaturally acute eyesight. (SInv)
You can survive without breathing.


Message History

* * * LOW HITPOINT WARNING * * *
Okay, then.
You hit Gastronok but do no damage.
Gastronok is lightly wounded.
You hit Gastronok.
Gastronok looks as sick as possible!
Gastronok is lightly wounded.
You hit Gastronok.
Gastronok looks as sick as possible!
Gastronok is lightly wounded.
Your magical effects are unravelling.
You feel magically purged.
You feel less wooden.
Your +1 cloak unmelds from your body.
Your +0 pair of gloves unmelds from your body.
Your +0 pair of boots unmelds from your body.
Your +0 robe of positive energy unmelds from your body.
You feel more protected from negative energy.
You feel yourself slow down.
You feel a little less agile now.
Gastronok waves his eye-stalks in wide circles.
The air twists around and strikes you!
You die...

###.# ###...#### ### ##.#'#####
##.#'####.# #.. #......P.#
#.........###..
#........####.........'.'..
♣♣♣♣...........+.........##...
♣♣♣PPPP≈PP≈≈.....#.........###..
♣P≈≈≈≈≈≈≈≈≈≈............>..# ###
♣♣≈≈≈≈≈≈≈≈≈P....w##.........#
#..
♣≈≈≈≈≈≈≈≈P≈≈....@##.........#
#.#
≈≈≈≈≈≈≈≈≈≈≈≈...###########'##
#.. ≈≈≈≈≈≈≈≈≈≈≈P...# ###....#
### ≈≈≈≈≈≈≈P≈≈≈....## #.#..###
PP≈≈≈≈≈P≈≈≈≈P...# ##...#
♣≈P≈≈≈≈P≈P≈≈P..## ##'#.#####
♣♣♣PP≈P≈≈≈P≈...## #........#
♣♣♣≈≈≈P≈≈≈≈...#####........#
♣♣♣.....≈...##..'........#


You could see Gastronok.

Vanquished Creatures
  A centaur warrior (D:10)
  3 two-headed ogres
  Nergalle (Lair:1)
  The ghost of Skryme the Shield-Bearer, a novice VSFi of Vehumet (D:9)
  Maurice (D:9)
  A centaur zombie (D:10)
  A gargoyle (D:10)
  A komodo dragon (Lair:1)
  The ghost of NoRagrets the Chopper, an amateur HOFi (D:4)
  2 hippogriffs
  14 yaks (D:9)
  2 hogs
  A wraith (D:10)
  A hungry ghost (D:6)
  A steam dragon (D:7)
  2 insubstantial wisps (D:7)
  2 hell hounds (D:8)
  5 water moccasins
  A porcupine (Lair:2)
  2 ice beasts (D:10)
  2 phantoms (D:10)
  4 sky beasts
  4 ogres
  7 centaurs
  A crocodile (Lair:1)
  A big kobold (D:10)
  14 bullfrogs
  2 scorpions
  10 killer bees
  4 wights (D:10)
  A howler monkey (D:4)
  4 electric eels
  2 crimson imps (D:5)
  A quasit (D:10)
  4 orc priests
  4 jellies
  2 hounds (D:5)
  A centaur skeleton (D:5)
  2 iguanas
  Natasha (D:2)
  6 orc wizards
  7 worker ants
  A killer bee zombie (D:9)
  2 hound zombies
  A hound skeleton (D:7)
  2 worker ant zombies
  14 adders
  3 gnolls (D:10)
  A shadow imp (D:6)
  2 oozes
  An adder zombie (D:7)
  2 worms
  2 leopard geckos (D:8)
  18 orcs
  7 bats
  5 giant cockroaches
  9 goblins
  15 hobgoblins
  8 jackals
  11 kobolds
  5 quokkas
  3 frilled lizards
  3 jackal skeletons
  A quokka zombie (D:5)
  10 rats
254 creatures vanquished.

Vanquished Creatures (others)
  A fungus (Lair:1)
1 creature vanquished.

Grand Total: 255 creatures vanquished

Notes
Turn   | Place    | Note
-------+----------+-------------------------------------------
     0 | D:1      | Hocus the Vampire Enchanter began the quest for the Orb.
     0 | D:1      | Reached XP level 1. HP: 13/13 MP: 3/3
    85 | D:1      | Reached skill level 2 in Short Blades
   175 | D:1      | Reached XP level 2. HP: 18/19 MP: 5/5
   231 | D:1      | Learned a level 2 spell: Ensorcelled Hibernation
   888 | D:2      | Reached skill level 3 in Short Blades
   892 | D:2      | Reached XP level 3. HP: 24/24 MP: 3/6
  1089 | D:2      | Noticed Natasha
  1097 | D:2      | Killed Natasha
  1097 | D:2      | Reached skill level 4 in Short Blades
  1097 | D:2      | Reached XP level 4. HP: 30/30 MP: 7/7
  1630 | D:2      | Found a faded altar of an unknown god.
  1782 | D:3      | Reached skill level 5 in Short Blades
  1965 | D:3      | Reached XP level 5. HP: 26/35 MP: 5/8
  2448 | D:4      | Noticed NoRagrets's ghost (amateur HOFi)
  2933 | D:4      | Learned a level 3 spell: Confuse
  3015 | D:4      | Reached skill level 6 in Short Blades
  3043 | D:4      | Noticed an ogre
  3051 | D:4      | Killed an ogre
  3051 | D:4      | Reached XP level 6. HP: 31/41 MP: 9/9
  3180 | D:4      | Killed NoRagrets's ghost
  3180 | D:4      | Reached skill level 8 in Short Blades
  3180 | D:4      | Reached XP level 7. HP: 21/46 MP: 4/10
  3351 | D:4      | Learned a level 3 spell: Tukima's Dance
  3353 | D:4      | Learned a level 1 spell: Beastly Appendage
  3920 | D:5      | Entered Level 5 of the Dungeon
  4101 | D:5      | Reached skill level 9 in Short Blades
  4941 | D:5      | Found a staircase to the Ecumenical Temple.
  5061 | Temple   | Entered the Ecumenical Temple
  5086 | Temple   | Became a worshipper of the Wu Jian Council
  5190 | D:5      | Reached skill level 10 in Short Blades
  5383 | D:5      | Reached XP level 8. HP: 52/52 MP: 7/11
  5458 | D:5      | Reached skill level 1 in Fighting
  5458 | D:5      | Reached skill level 1 in Unarmed Combat
  5536 | D:5      | Found a shattered altar of Ashenzari.
  5662 | D:6      | Reached skill level 5 in Stealth
  5687 | D:6      | Reached skill level 5 in Hexes
  5891 | D:6      | HP: 2/56 [acid (10)]
  6429 | D:6      | Got a warped buckler
  6447 | D:6      | Found a hazy altar of Hepliaklqana.
  6704 | D:6      | Reached XP level 9. HP: 62/62 MP: 12/12
  6807 | D:7      | Upgraded the game from 0.21-a0-450-gd87a9b2 to 0.21-a0-480-g5da0f0d
  6810 | D:7      | Reached * piety under Wu Jian
  8027 | D:7      | Reached skill level 5 in Dodging
  8147 | D:7      | Found Opnainis's Antique Weapon Shoppe.
  8480 | D:8      | Reached skill level 5 in Unarmed Combat
  8556 | D:8      | Found a staircase to the Lair.
  8676 | D:8      | Noticed a two-headed ogre
  8683 | D:8      | Killed a two-headed ogre
  8683 | D:8      | Reached XP level 10. HP: 73/73 MP: 12/14
  9121 | D:9      | Noticed Skryme's ghost (novice VSFi)
  9135 | D:9      | Killed Skryme's ghost
  9135 | D:9      | Reached skill level 5 in Fighting
  9215 | D:9      | Noticed a two-headed ogre
  9221 | D:9      | Killed a two-headed ogre
  9313 | D:9      | Reached ** piety under Wu Jian
  9812 | D:9      | Reached XP level 11. HP: 73/81 MP: 18/18
  9825 | D:9      | Reached skill level 5 in Spellcasting
  9965 | D:9      | Noticed Maurice
  9968 | D:9      | Killed Maurice
 10377 | D:10     | Entered Level 10 of the Dungeon
 10377 | D:10     | Noticed a centaur warrior
 10383 | D:10     | Killed a centaur warrior
 10383 | D:10     | Reached skill level 1 in Shields
 10518 | D:10     | Noticed a two-headed ogre
 10526 | D:10     | Killed a two-headed ogre
 11138 | D:10     | Reached *** piety under Wu Jian
 11214 | D:10     | Found a staircase to the Orcish Mines.
 11731 | Lair:1   | Entered Level 1 of the Lair of Beasts
 11797 | Lair:1   | Noticed Nergalle
 11804 | Lair:1   | Killed Nergalle
 12572 | Lair:2   | Noticed Gastronok
 12580 | Lair:2   | Reached skill level 11 in Short Blades
 12613 | Lair:1   | HP: 5/126 [Gastronok (11)]
 12617 | Lair:1   | Killed from afar by Gastronok

Vault maps used:
D:1:      dpeg_arrival_stone_temple_mockup
D:2:      first_bread, chequers_ecumenical_altar_lobes,
          kennysheep_generic_room_5, uniq_natasha
D:5:      kennysheep_mini, lemuel_temple_firewalk_b, hangedman_minor_gate_pass
D:6:      nicolae_whirlpool, basic_altar
D:7:      serial_shops, nicolae_shop_overgrown_old_shop, grunt_livestock,
          hangedman_misty_isle
D:8:      minmay_lair_entry_lava, minivault_11
D:9:      argonaut_augean_stables, uniq_maurice
D:10:     erik_orc_3
Temple:   compressed_dpeg_circular_temple
Lair:1:   cheibrodos_lair_caveside_slide, st_stairs_9, serial_bayou_shore_a,
          infiniplex_staircase_pool, uniq_nergalle
Lair:2:   infiniplex_staircase_pool_2, grunt_megastairs_5, uniq_gastronok,
          uniq_harold

Skill      XL: |  1  2  3  4  5  6  7  8  9 10 11 |
---------------+----------------------------------+-----
Short Blades   | 2 3 4 5 6 8 10 11 | 11.0
Fighting       | 2 4 6 7 |  7.4
Unarmed Combat | 3 5 7 8 |  8.0
Stealth        | 6 8 |  8.0
Hexes          | 6 8 |  8.0
Dodging        | 4 6 7 8 |  8.0
Spellcasting   | 3 4 6 |  6.4
Shields        | 3 |  3.5

Action                   |  1- 3 |  4- 6 |  7- 9 | 10-12 || total
-------------------------+-------+-------+-------+-------++-------
Melee: Dagger            |    61 |   154 |   306 |   240 ||   761
       Bite              |     5 |    12 |    27 |    25 ||    69
       Punch             |       |       |     2 |    11 ||    13
       Headbutt          |       |       |     2 |       ||     2
       Rapier            |       |       |       |    54 ||    54
 Cast: Ensorcelled Hiber |     1 |    11 |    60 |    56 ||   128
       Confuse           |       |     5 |     2 |    16 ||    23
       Corona            |       |       |     1 |     1 ||     2
       Beastly Appendage |       |       |     1 |       ||     1
  Use: Potion            |       |     1 |     1 |     7 ||     9
       Scroll            |       |       |       |     8 ||     8
 Stab: Sleeping          |     5 |     9 |    47 |    54 ||   115
       Distracted        |       |     1 |     1 |       ||     2
       Confused          |       |     4 |     2 |     5 ||    11
  Eat: Corpse            |       |     5 |    14 |     8 ||    27
Armor: Robe              |     7 |    22 |    21 |    18 ||    68
Dodge: Dodged            |    31 |    74 |   130 |   133 ||   368

Table legend:
 A = Spawn XP
 B = Non-spawn XP
 C = Spawn XP percentage of total XP
 D = Spawn monster count
 E = Non-spawn monster count
 F = Spawn count percentage of total count
 G = Total turns spent on level
                    A         B        C        D         E        F      G
               +---------+---------+-------+---------+---------+-------+---------
         Total |       0 |   19831 |   0.0 |       0 |     254 |   0.0 | 12617
               +---------+---------+-------+---------+---------+-------+---------
           D:1 |       0 |      26 |   0.0 |       0 |      16 |   0.0 |   675
           D:2 |       0 |      93 |   0.0 |       0 |      16 |   0.0 |  1037
           D:3 |       0 |     112 |   0.0 |       0 |      33 |   0.0 |  1069
           D:4 |       0 |     583 |   0.0 |       0 |      14 |   0.0 |  1542
           D:5 |       0 |     844 |   0.0 |       0 |      26 |   0.0 |  1287
           D:6 |       0 |    1332 |   0.0 |       0 |      22 |   0.0 |  1653
           D:7 |       0 |    1578 |   0.0 |       0 |      18 |   0.0 |   992
           D:8 |       0 |    1432 |   0.0 |       0 |       8 |   0.0 |   598
           D:9 |       0 |    6591 |   0.0 |       0 |      38 |   0.0 |  1508
          D:10 |       0 |    4492 |   0.0 |       0 |      48 |   0.0 |  1322
        Lair:1 |       0 |    2353 |   0.0 |       0 |      13 |   0.0 |   866
        Lair:2 |       0 |     395 |   0.0 |       0 |       2 |   0.0 |    20
               +---------+---------+-------+---------+---------+-------+---------
